Map: Dusk Towers

Players

LilDicky - Winner!

  • Race: Terran Terran
  • League: Diamond

Viir

  • Race: Protoss Protoss
  • League: Gold

VOD

http://www.twitch.tv/tumescentpie

Description

Time

  • Played on: Jan. 3, 2016, 4:09 p.m.
  • Length: 7:46
Show
View Real Time Build Order
Export as new Build Order

LilDicky Terran - Winner!

Build Orders: MMM Bio 

Get SALT Encoding   

  12  0:01  SCV  
  13  0:13  SCV  
  14  0:18  Supply Depot  
  14  0:26  SCV  
  15  0:38  Refinery  
  15  0:40  SCV  
  16  0:45  Barracks  
  16  0:54  SCV  
  17  1:06  SCV  
  18  1:21  SCV  
  19  1:32  Marine  
  19  1:33  Supply Depot  
  20  1:42  Orbital Command  
  20  1:58  Marine  
  21  2:02  Barracks  
  21  2:05  Refinery, Barracks  
  21  2:16  Marine  
  22  2:32  Factory  
  22  2:34  Marine  
  23  2:41  SCV  
  23  2:44  Supply Depot  
  24  2:51  Barracks Tech Lab  
  24  2:52  Marine  
  24  2:53  Barracks Tech Lab  
  25  3:09  Stimpack, Marine  
  26  3:13  Marine  
  26  3:14  Marine  
  27  3:23  SCV  
  28  3:27  Marine  
  28  3:31  Marine  
  28  3:32  Widow Mine  
  32  3:35  Command Center, SCV  
  32  3:38  Combat Shields  
  33  3:47  SCV  
  34  3:49  Marine x2  
  34  3:55  Starport  
  36  3:57  Marine  
  37  4:14  Marauder  
  39  4:18  Supply Depot  
  39  4:19  SCV, Marine  
  39  4:21  Marine  
  40  4:31  SCV  
  40  4:33  Medivac  
  43  4:42  Bunker  
  43  4:48  Barracks Reactor  
  43  4:49  SCV  
  43  4:51  Orbital Command  
  44  5:05  SCV  
  45  5:08  Marauder  
  45  5:09  Marauder  
  48  5:21  SCV  
  48  5:23  Medivac  
  48  5:26  Marine x2  
  37  5:53  Medivac  
  34  5:58  SCV x2  
  34  6:00  Marine x2  
  38  6:08  Marine  
  38  6:09  Marine  
  38  6:10  SCV  
  41  6:13  SCV  
  41  6:17  Concussive Shells  
  42  6:20  Marine x2  
  44  6:27  Marauder x2  
  48  6:40  Marine x2  
  48  6:43  Supply Depot, Medivac  
  48  6:46  SCV x2  
  54  6:48  Marauder  
  56  6:58  SCV x2  
  56  6:59  Marauder  
  56  7:01  Marine x2  
Show
View Real Time Build Order
Export as new Build Order

Viir Protoss 

Build Orders: Blink Stalkers 

Get SALT Encoding   

  12  0:01  Probe (Chrono Boost)  
  13  0:15  Pylon  
  13  0:17  Probe (Chrono Boost)  
  14  0:28  Probe (Chrono Boost)  
  15  0:44  Gateway  
  15  0:46  Probe (Chrono Boost)  
  16  0:50  Assimilator  
  16  0:57  Probe (Chrono Boost)  
  17  1:07  Probe (Chrono Boost)  
  17  1:08  Pylon  
  18  1:18  Probe (Chrono Boost)  
  19  1:32  Cybernetics Core  
  19  1:37  Gateway  
  19  1:39  Probe (Chrono Boost)  
  20  1:41  Zealot  
  22  1:48  Assimilator  
  22  1:50  Probe (Chrono Boost)  
  23  2:00  Probe (Chrono Boost)  
  24  2:06  Pylon  
  24  2:09  Warp Gate (Chrono Boost)  
  24  2:11  Probe  
  25  2:19  Twilight Council  
  25  2:25  Stalker  
  25  2:29  Probe  
  28  2:51  Gateway  
  28  2:52  Gateway  
  28  3:18  Pylon  
  28  3:24  Stalker (Chrono Boost)  
  28  3:26  Stalker (Chrono Boost)  
  32  3:27  Blink (Chrono Boost)  
  32  3:49  Gateway  
  30  4:19  Stalker x4, Robotics Facility  
  38  4:37  Pylon  
  38  4:44  Stalker  
  40  4:46  Stalker x2  
  40  4:50  Sentry  
  46  5:02  Zealot  
  47  5:18  Stalker x3  
  43  5:42  Stalker x2  
  27  6:12  Nexus  
  27  6:15  Immortal (Chrono Boost)  
  31  6:30  Stalker x2  
  35  6:45  Stalker  
  37  6:50  Observer (Chrono Boost)  
  38  7:02  Stalker, Gateway  
  20  7:23  Adept x2  
  20  7:24  Adept x2  
Tags
 
Add a new tag
Caveats
  • Supply blocks, unpowered buildings, or Contaminate may cause inaccurate times.
  • Supply counts are checked every 10 seconds.